 Dungeon Crawl Stone Soup version 0.24.0-13-gcf9b3192b9 (webtiles) character file.

Game seed: 18104242326808945711, levelgen mode: deterministic

100 EriolAelfwine the Poker (level 4, -1/38 HPs)
             Began as a Merfolk Abyssal Knight on Nov 10, 2019.
             Was a Believer of Lugonu.
             Hit by a boomerang thrown by an orc (5 damage)
             ... on level 2 of the Dungeon.
             The game lasted 00:15:13 (1982 turns).

EriolAelfwine the Poker (Merfolk Abyssal Knight)    Turns: 1982, Time: 00:15:14

Health: -1/38      AC:  3    Str: 13    XL:     4   Next: 73%
Magic:  5/5        EV: 13    Int: 11    God:    Lugonu [**....]
Gold:   45         SH:  0    Dex: 13    Spells: 3/3 levels left

rFire    . . .     SeeInvis .   a - +1 spear
rCold    . . .     Gourm    .   (no shield)
rNeg     . . .     Faith    .   b - +0 leather armour
rPois    .         Spirit   .   (no helmet)
rElec    .         Reflect  .   (no cloak)
rCorr    .         Harm     .   (no gloves)
MR       .....                  (no boots)
Stlth    +.........             (no amulet)
HPRegen  0.12/turn              (no ring)
MPRegen  0.09/turn              (no ring)

@: no status effects
A: change form in water, swift swim, stealthy swim
a: Depart the Abyss, Bend Space, Renounce Religion


You were on level 2 of the Dungeon.
You worshipped Lugonu.
Lugonu was pleased with you.
You were hungry.

You visited 1 branch of the dungeon, and saw 3 of its levels.
You visited the Abyss 1 time.

You collected 45 gold pieces.

Inventory:

Hand Weapons
 a - a +1 spear (weapon)
Armour
 b - a +0 leather armour (worn)
 n - a +2 pair of gloves
Magical Staves
 q - an uncursed staff of air {unknown}
Jewellery
 f - an uncursed amulet of rage {unknown}
Scrolls
 d - a scroll of teleportation {unknown}
 e - 2 scrolls of immolation {unknown}
 h - a scroll of random uselessness {unknown}
 j - a scroll of blinking {unknown}
 k - 2 scrolls of identify {unknown}
 p - a scroll of enchant weapon {unknown}
Potions
 g - a potion of agility {unknown}
 i - 3 potions of haste {unknown}
 l - a potion of invisibility {unknown}
 o - 2 potions of curing {unknown}
Comestibles
 c - 4 rations
 m - 3 chunks of flesh


   Skills:
 + Level 4.5 Fighting
 + Level 5.1 Polearms
 - Level 0.6 Armour
 + Level 3.3 Dodging
 - Level 0.2 Stealth
 - Level 2.0 Invocations


You had 3 spell levels left.
You didn't know any spells.
Your spell library was empty.

Dungeon Overview and Level Annotations

Branches:
Dungeon (3/15)

Altars:


Message History

The orc throws a boomerang.
The boomerang misses you.
The weapon returns to the orc!
The orc throws a boomerang.
The boomerang closely misses you.
The weapon returns to the orc!
The orc throws a boomerang.
The boomerang hits you but does no damage.
The weapon returns to the orc!
The orc throws a boomerang.
The boomerang hits you!
* * * LOW HITPOINT WARNING * * *
The weapon returns to the orc!
The orc throws a boomerang.
The boomerang hits you.
* * * LOW HITPOINT WARNING * * *
The weapon returns to the orc!
The orc throws a boomerang.
The boomerang misses you.
The weapon returns to the orc!
The orc throws a boomerang.
The boomerang hits you.
* * * LOW HITPOINT WARNING * * *
The weapon returns to the orc!
The orc throws a boomerang.
The boomerang hits you.
You die...

#..# #.#......# #.# #..#
#.#####..# #.# #..# #.# #..#
#####.# ###.## #.#
#..#########.÷...# ...(# #.#
#..........÷.###.# ###.#
#.#####...########## #.# #.#
#.........# #.. #.# #######.#.#
### #)# #@#.# #.# ##.#.# #.#
########....##########
#(####........#...........#
#(†........##....########.#
#†((.......###.#.########.#####
##..........#
#.#.#............#
##..........(#
#.#o#.#####.####.#
...#.......... #.#.#.## #.# #.#


You could see an orc.

Vanquished Creatures
  Terence (D:2)
  An adder (D:3)
  An ooze (D:2)
  An adder skeleton (D:2)
  A worm (D:2)
  A leopard gecko (D:2)
  A giant cockroach (D:2)
  8 goblins
  7 hobgoblins
  2 jackals (D:2)
  5 kobolds
  2 quokkas (D:2)
  A ball python (D:2)
  5 bats
  6 frilled lizards
  10 rats
53 creatures vanquished.

Notes
Turn   | Place    | Note
-------+----------+-------------------------------------------
     0 | Abyss:1  | EriolAelfwine the Merfolk Abyssal Knight began the quest
                  | for the Orb.
     0 | Abyss:1  | Reached XP level 1. HP: 18/18 MP: 2/2
    14 | D:1      | Escaped the Abyss
   259 | D:1      | Reached XP level 2. HP: 25/25 MP: 3/3
   584 | D:1      | Reached ** piety under Lugonu
   665 | D:1      | Reached XP level 3. HP: 24/30 MP: 4/4
  1419 | D:2      | Reached skill level 4 in Polearms
  1512 | D:2      | Reached XP level 4. HP: 36/38 MP: 5/5
  1601 | D:2      | You fall into a shaft and drop 1 floor!
  1941 | D:2      | Noticed Terence
  1962 | D:2      | Killed Terence
  1962 | D:2      | Reached skill level 5 in Polearms
  1982 | D:2      | Hit by a boomerang thrown by an orc

Levels and vault maps discovered:
D:1:      evilmike_arrival_rings, layout_basic
D:2:      layout_loops_ring, first_ration, uniq_crazy_yiuf_cottage, uniq_terence
D:3:      layout_loops_ring, serial_glass, glass_columns_a, glass_columns_c,
          glass_columns_a, glass_columns_a, gammafunk_ghost_split,
          kennysheep_boxes, uniq_robin, uniq_grinder

Skill      XL: |  1  2  3  4 |
---------------+-------------+-----
Fighting       | 4 |  4.5
Dodging        | 3 |  3.3
Polearms       | 4 5 |  5.1
Armour         | |  0.6
Stealth        | |  0.2
Invocations    | |  2.0

Action                   |  1- 3 |  4- 6 || total
-------------------------+-------+-------++-------
Melee: Spear             |   151 |    48 ||   199
 Stab: Sleeping          |     1 |       ||     1
  Eat: Chunk             |     2 |     1 ||     3
Armor: Leather armour    |    16 |     7 ||    23
Dodge: Dodged            |    66 |    26 ||    92
